 Dungeon Crawl Stone Soup version 0.31-a0-435-g2c6fae2916 (webtiles) character file.

Game seed: 10416132004371652404

5768 horus123 the Placeless Elf (level 10, 0/50 HPs)
             Began as a Deep Elf Conjurer on Aug 2, 2023.
             Was an Initiate of Gozag.
             Slain by a manticore (8 damage)
             ... on level 11 of the Dungeon.
             The game lasted 00:25:11 (10191 turns).

horus123 the Placeless Elf (Deep Elf Conjurer)     Turns: 10191, Time: 00:25:12

Health: 0/50       AC:  4    Str: 14    XL:     10   Next: 49%
Magic:  23/35      EV: 12    Int: 28    God:    Gozag
Gold:   1413       SH:  0    Dex: 16    Spells: 3/29 levels left

rFire   . . .        e - +6 dagger (venom)
rCold   . . .        (no shield)
rNeg    . . .        a - +0 robe
rPois   .            y - +0 helmet
rElec   .            D - +0 cloak
rCorr   .            (no gloves)
SInv    .            (no boots)
Will    ++...        C - amulet of regeneration
Stlth   ++           J - ring of Ughuvael {*Corrode Will+ MP+9 Str+10 Dex+3}
HPRegen 1.08/turn    I - ring of wizardry
MPRegen 0.24/turn

%: corrode self (3%), wizardry (x1)
@: spiked
A: no striking features
a: Renounce Religion, Potion Petition, Call Merchant, Bribe Branch


You were on level 11 of the Dungeon.
You worshipped Gozag.
Gozag was most pleased with you.
You visited 1 branch of the dungeon, and saw 11 of its levels.

You collected 1941 gold pieces.
You spent 510 gold pieces at shops.
You paid 18 gold pieces to Gozag.

Inventory:

Hand Weapons
 e - a +6 dagger of venom (weapon)
Missiles
 t - 2 throwing nets
Armour
 a - a +0 robe (worn)
 x - the scarf of Love and Death {harm, rPois MP+9}
   (You found it on level 6 of the Dungeon)

   rPois:     It protects you from poison.
   MP:        It affects your magic capacity (+9).
 y - a +0 helmet (worn)
 D - a +0 cloak (worn)
Magical Staves
 n - a staff of fire
Jewellery
 o - a ring of protection from cold
 C - an amulet of regeneration (around neck)
 F - a ring of poison resistance
 G - a ring of resist corrosion
 I - a ring of wizardry (right hand)
 J - the ring of Ughuvael (left hand) {*Corrode Will+ MP+9 Str+10 Dex+3}
   (You found it on level 10 of the Dungeon)

   [ring of magical power]

   Str:       It affects your strength (+10).
   Dex:       It affects your dexterity (+3).
   MP:        It affects your magic capacity (+9).
   *Corrode:  It may corrode you when you take damage.
   Will:      It increases your willpower.
Wands
 s - a wand of paralysis (28)
 A - a wand of light (19)
 E - a wand of roots (12)
Scrolls
 c - 8 scrolls of teleportation
 d - a scroll of amnesia
 g - 5 scrolls of noise
 h - a scroll of summoning
 l - 5 scrolls of blinking
 m - 3 scrolls of fear
 q - a scroll of torment
 r - 2 scrolls of poison
 v - a scroll of vulnerability {unknown}
 w - 2 scrolls of enchant weapon
 H - a scroll of identify
Potions
 b - a potion of magic
 f - 3 potions of lignification
 i - a potion of berserk rage
 j - 4 potions of curing
 k - 2 potions of enlightenment {unknown}
 p - 2 potions of degeneration {unknown}
 u - 2 potions of heal wounds {unknown}
 z - 2 potions of ambrosia {unknown}
 B - 3 potions of mutation {unknown}


   Skills:
 - Level 2.4 Dodging
 - Level 2.4 Stealth
 - Level 10.0 Spellcasting
 - Level 7.0 Conjurations
 - Level 6.1 Summonings
 - Level 12.7 Translocations


You had 3 spell levels left.
You knew the following spells:

 Your Spells              Type           Power      Damage    Failure   Level
a - Magic Dart            Conj           100%       1d8       1%          1
b - Searing Ray           Conj           100%       2d8       1%          2
c - Gell's Gravitas       Tloc           72%        N/A       1%          3
d - Iskenderun's Mystic   Conj/Tloc      62%        2d13      1%          4
e - Teleport Other        Tloc           72%        N/A       1%          3
f - Dispersal             Tloc           36%        N/A       1%          6
g - Summon Lightning Spi  Summ/Air       31%        N/A       4%          4
h - Hailstorm             Conj/Ice       33%        3d8       1%          3

Your spell library contained the following spells:

 Spells                   Type           Power      Damage    Failure   Level
 Apportation              Tloc           100%       N/A       0%          1
 Sting                    Tmut/Pois      56%        1d5       1%          1
 Call Imp                 Summ           96%        N/A       1%          2
 Lesser Beckoning         Tloc           100%       N/A       1%          2
 Dazzling Flash           Conj/Hex       66%        N/A       1%          3
 Mephitic Cloud           Conj/Pois/Air  27%        N/A       1%          3
 Ensorcelled Hibernation  Hex/Ice        28%        N/A       2%          2
 Passwall                 Tmut/Erth      11%        N/A       2%          2
 Poisonous Vapours        Pois/Air       28%        N/A       2%          2
 Swiftness                Air            14%        N/A       4%          3
 Animate Armour           Summ/Erth      62%        N/A       4%          4
 Fulminant Prism          Conj/Hex       16%        3d10      4%          4
 Summon Ice Beast         Ice/Summ       31%        N/A       4%          4
 Olgreb's Toxic Radiance  Pois           14%        N/A       16%         4
 Alistair's Intoxication  Tmut/Pois      9%         N/A       38%         5
 Lee's Rapid Deconstruct  Erth           7%         3d6*      38%         5
 Simulacrum               Ice/Necr       Unusable   N/A       N/A         6

Dungeon Overview and Level Annotations

Branches:
Dungeon (11/15)            Temple (0/1) D:4            Lair (0/5) D:9
    Orc (0/2) D:9

Altars:
Dithmenos
Elyvilon
Gozag
Kikubaaqudgha
Sif Muna
Trog
Yredelemnul
Zin
The Shining One

Shops:
D:3 [[   D:4 [   D:5 :   D:10 [[=[=

Annotations:
D:4 1 runed translucent door, Newt's ghost, novice KoHu


Message History

You start resting.
You carefully extract the barbed spikes from your body.
You start resting.
HP restored.
Magic restored.
Found an escape hatch in the floor.
A manticore is nearby!
Casting: Iskenderun's Mystic Blast (safe; 1% risk of failure)
Confirm with . or Enter, or press ? or * to list all spells.
You erupt in a blast of force!
The mystic blast hits the manticore!
The manticore is moderately wounded.
The manticore is knocked back by the mystic blast.
Casting: Iskenderun's Mystic Blast (safe; 1% risk of failure)
Confirm with . or Enter, or press ? or * to list all spells.
An electric hum fills the air.
The magic dart hits the manticore.
The manticore is moderately wounded.
The manticore flicks its tail.
The volley of spikes hits you!!
The barbed spikes become lodged in your body.
Casting: Magic Dart (safe; 1% risk of failure)
Confirm with . or Enter, or press ? or * to list all spells.
Aiming: Searing Ray (safe; 1% risk of failure)
Press: ? - help, Shift-Dir - straight line, f/p - manticore
Aim: a manticore (moderately wounded, ally target, 90% to hit)
The searing ray hits the manticore.
The manticore is heavily wounded. (Press . to maintain the ray.) Unknown command.
The searing ray hits the manticore!
The manticore is severely wounded.
The manticore bites you! The manticore claws you!
The manticore claws you but does no damage.
The searing ray hits the manticore but does no damage.
The manticore is severely wounded.
The manticore closely misses you. The manticore claws you!
* * * LOW HITPOINT WARNING * * *
The manticore claws you!
You die...
Your body crumbles into a pile of gold.

#....#
#.##.###
#.##...#
#######.####.#
#.......# #<#
#.......######
#.........#
#.>....##.#
#.....@+..#
#...^.H####
###.8...
#.##.#. #.
#.#.# . ... .
## ### ##


You could see a manticore (ally target) and a friendly lightning spire
(summoned).

Vanquished Creatures
  Maurice (D:9)
  A komodo dragon (D:10)
  A troll (D:10)
  3 hornets (D:9)
  A slime creature (D:6)
  Eustachio (D:6)
  2 wyverns
  A steam dragon (D:9)
  3 water moccasins
  An ice beast (D:7)
  2 orc warriors (D:9)
  2 ogres
  A phantom (D:6)
  3 centaurs
  2 kobold brigands (D:8)
  2 bullfrogs
  2 gnoll sergeants (D:9)
  3 scorpions
  4 wights (D:8)
  14 killer bees
  4 howler monkeys
  2 hounds (D:5)
  9 jellies (D:6)
  3 orc priests
  A sleepcap (D:4)
  4 iguanas
  3 orc wizards
  7 gnolls (D:9)
  13 adders
  A river rat (D:4)
  A white imp (D:8)
  2 ufetubi
  2 worms (D:2)
  4 dart slugs
  23 orcs
  19 endoplasms
  6 giant cockroaches
  16 goblins
  6 hobgoblins
  14 kobolds
  2 quokkas
  5 ball pythons
  6 bats
  3 frilled lizards
  11 rats
217 creatures vanquished.

Notes
Turn   | Place    | Note
-------+----------+-------------------------------------------
     0 | D:1      | horus123 the Deep Elf Conjurer began the quest for the Orb.
     0 | D:1      | Reached XP level 1. HP: 10/10 MP: 6/6
   142 | D:1      | Reached XP level 2. HP: 15/15 MP: 5/9
   145 | D:1      | Learned a level 2 spell: Searing Ray
   640 | D:1      | Reached XP level 3. HP: 19/19 MP: 9/11
   644 | D:1      | Learned a level 3 spell: Gell's Gravitas
   667 | D:1      | Reached skill level 5 in Spellcasting
   728 | D:2      | Found an opulent altar of Gozag.
   989 | D:2      | Became a worshipper of Gozag Ym Sagoz the Greedy
  1044 | D:2      | Reached skill level 5 in Conjurations
  1321 | D:2      | Reached XP level 4. HP: 24/24 MP: 9/13
  1378 | D:2      | Learned a level 4 spell: Iskenderun's Mystic Blast
  1382 | D:2      | Learned a level 3 spell: Teleport Other
  1648 | D:3      | Found a faded altar of an unknown god.
  1857 | D:3      | Found Podweun's Armour Shoppe.
  1891 | D:3      | You fall into a shaft and drop 1 floor!
  1897 | D:4      | Found a basalt altar of Yredelemnul.
  2010 | D:4      | Found a staircase to the Ecumenical Temple.
  2092 | D:4      | Found a runed translucent door.
  2100 | D:4      | Reached XP level 5. HP: 28/28 MP: 6/14
  2152 | D:4      | Noticed Newt's ghost (novice KoHu)
  2258 | D:4      | Reached skill level 1 in Translocations
  2530 | D:3      | Reached skill level 2 in Translocations
  2593 | D:3      | Found Duimn's Antique Armour Boutique.
  2737 | D:4      | Reached skill level 3 in Translocations
  2737 | D:4      | Reached XP level 6. HP: 32/32 MP: 10/15
  2837 | D:4      | Found Cegenuc's Antique Armour Shoppe.
  2855 | D:4      | Reached skill level 4 in Translocations
  3455 | D:5      | Entered Level 5 of the Dungeon
  3493 | D:5      | Reached skill level 5 in Translocations
  3948 | D:5      | Reached XP level 7. HP: 36/36 MP: 10/16
  4091 | D:5      | Reached skill level 6 in Translocations
  4449 | D:5      | Found Bohuamah's Self-Improvement Boutique.
  5037 | D:6      | Noticed Eustachio
  5055 | D:6      | Killed Eustachio
  5056 | D:6      | Reached skill level 7 in Translocations
  5378 | D:6      | Reached skill level 8 in Translocations
  5380 | D:6      | Reached XP level 8. HP: 16/41 MP: 6/18
  5684 | D:6      | Identified the scarf of Love and Death {harm, rPois MP+9}
  6070 | D:6      | Noticed a slime creature
  6077 | D:6      | Killed a slime creature
  6087 | D:6      | Reached skill level 10 in Spellcasting
  6095 | D:6      | Learned a level 6 spell: Dispersal
  6346 | D:7      | Reached XP level 9. HP: 31/45 MP: 18/25
  6537 | D:7      | Reached skill level 9 in Translocations
  6813 | D:7      | Found a shimmering blue altar of Sif Muna.
  7011 | D:8      | Reached skill level 10 in Translocations
  7293 | D:8      | Reached skill level 11 in Translocations
  7894 | D:9      | Reached skill level 12 in Translocations
  8077 | D:9      | Reached XP level 10. HP: 50/50 MP: 22/26
  8204 | D:9      | Noticed Maurice
  8213 | D:9      | Killed Maurice
  8442 | D:9      | Found a staircase to the Lair.
  8444 | D:9      | Found a staircase to the Orcish Mines.
  8457 | D:9      | Learned a level 4 spell: Summon Lightning Spire
  8505 | D:9      | Reached skill level 1 in Summonings
  8773 | D:9      | Found a glowing silver altar of Zin.
  9414 | D:10     | Entered Level 10 of the Dungeon
  9414 | D:10     | Found Ylod's Antique Armour Emporium.
  9419 | D:10     | Found Zyazasmo's Armour Shoppe.
  9444 | D:10     | Learned a level 3 spell: Hailstorm
  9501 | D:10     | Reached skill level 5 in Summonings
  9618 | D:10     | Found Bisoid's Antique Armour Shop.
  9785 | D:10     | Found Kacrekh's Jewellery Shoppe.
  9887 | D:10     | Found an ancient bone altar of Kikubaaqudgha.
  9892 | D:10     | Found a white marble altar of Elyvilon.
  9892 | D:10     | Found a glowing golden altar of the Shining One.
  9905 | D:10     | Found a bloodstained altar of Trog.
  9908 | D:10     | Found a shadowy altar of Dithmenos.
 10000 | D:10     | Found Ikifuis's Jewellery Emporium.
 10008 | D:10     | Bought a ring of wizardry for 510 gold pieces
 10012 | D:10     | Identified the ring of Ughuvael {*Corrode Will+ MP+9 Str+10
                  | Dex+3}
 10119 | D:11     | Noticed a manticore
 10191 | D:11     | Slain by a manticore

Illustrated notes

Levels and vault maps discovered:
D:1:      minmay_arrival_semitransparent, layout_rooms, skrybe_limestone_x
D:2:      layout_rooms, basic_altar, dk_vineyard_2
D:3:      layout_rooms, serial_shops, nicolae_shop_tiny_real_fake_doors, shop,
          ebering_ecumenical_altar_petrified
D:4:      layout_cave_pools, mainiacjoe_overflow_concentric_impassable,
          minmay_temple_entry_hall, gup_sewer_entry_bubbles,
          hellmonk_ghost_happy_afterlife, serial_shops,
          nicolae_shop_temple_entry_statues_fountains, grunt_ministairs_15
D:5:      layout_basic, nicolae_shop_self_help
D:6:      lemuel_slime, layout_rooms, kennysheep_generic_room_6, uniq_eustachio
D:7:      layout_basic, lemuel_blue_sif_altar
D:8:      layout_cave_pools
D:9:      nicolae_cairo_tiling_large_dashed, layout_grid_maze,
          mainiacjoe_overflow_tiny_flanked, lair_entry_dummy, orc_0_dummy,
          uniq_maurice
D:10:     layout_rooms, minmay_overflow_temple_star_hex, serial_shops, shop,
          shop, shop, nicolae_stop_n_shop_2, shop
D:11:     layout_basic, grunt_dithmenos_smoke

Skill      XL: |  1  2  3  4  5  6  7  8  9 10 |
---------------+-------------------------------+-----
Spellcasting   | 4 5 10 | 10.0
Conjurations   | 5 6 7 |  7.0
Translocations | 3 5 8 12 | 12.7
Summonings     | 6 |  6.1
Dodging        | |  2.4
Stealth        | |  2.4

Action                     |  1- 3 |  4- 6 |  7- 9 | 10-12 || total
---------------------------+-------+-------+-------+-------++-------
  Melee: Dagger            |     1 |       |       |       ||     1
   Cast: Magic Dart        |    83 |   113 |   147 |    16 ||   359
         Searing Ray       |       |     9 |    40 |    17 ||    66
         Iskenderun's Myst |       |       |    12 |    16 ||    28
         Teleport Other    |       |       |     2 |     4 ||     6
         Gell's Gravitas   |       |       |       |    12 ||    12
         Hailstorm         |       |       |       |     2 ||     2
         Summon Lightning  |       |       |       |     1 ||     1
    Use: Scroll            |       |     7 |     5 |       ||    12
         Potion            |       |       |       |     1 ||     1
 Armour: Robe              |     1 |     1 |     3 |     1 ||     6
  Dodge: Dodged            |     5 |     7 |    38 |     8 ||    58

Table legend: (Time is in decaauts)
 A = Elapsed time spent in this place.
 B = Non-inter-level travel time spent in this place.
 C = Inter-level travel time spent in this place.
 D = Time resting spent in this place.
 E = Time spent auto-exploring this place.
 F = Levels seen in this place.
 G = Mean time per level.
                   A        B        C        D        E       F      G
               +--------+--------+--------+--------+--------+-----+--------+
         Total |  10215 |  10017 |    198 |   1710 |   6982 |  11 |  928.6 |
       Dungeon |  10215 |  10017 |    198 |   1710 |   6982 |  11 |  928.6 |
               +--------+--------+--------+--------+--------+-----+--------+

Top non-repeatable levels by time:
     D:9: 1724 daAuts
     D:5: 1586 daAuts
     D:4: 1272 daAuts
     D:6: 1248 daAuts
     D:2: 910 daAuts
     D:1: 728 daAuts
     D:8: 708 daAuts
    D:10: 692 daAuts
     D:7: 691 daAuts
     D:3: 570 daAuts
    D:11: 81 daAuts
